 Dungeon Crawl Stone Soup version 0.19-a0-1201-gda63bca (webtiles) character file.

94029 Gelly3 the Black Belt (level 16, -5/114 HPs)
             Began as a Merfolk Transmuter on Aug 20, 2016.
             Was the Champion of Cheibriados.
             Slain by a faun
             ... wielding a +0 club
              (9 damage)
             ... on level 1 of the Shoals.
             The game lasted 01:45:47 (29026 turns).

Gelly3 the Black Belt (Merfolk Transmuter)         Turns: 29026, Time: 01:45:47

Health: -5/114     AC:  8    Str: 27    XL:     16   Next: 10%
Magic:  0/26       EV: 26    Int: 37    God:    Cheibriados [******]
Gold:   1543       SH:  0    Dex: 31    Spells: 5 memorised, 12 levels left

rFire  . . .     SeeInvis .       - Unarmed
rCold  + . .     Gourm    .     T - +1 robe {rF+}
rNeg   + . .     Faith    .     (shield currently unavailable)
rPois  .         Spirit   +     (helmet restricted)
rElec  +         Dismiss  .     b - +2 cloak
rCorr  .         Reflect  .     (gloves currently unavailable)
MR     ++...     Harm     .     Y - +0 pair of boots
Stlth  +++++++...               j - amulet "Xyrac" {Spirit Slay+3}
                                w - ring "Qeiniweu" {Slay+2 Stlth+}
                                Q - ring of Hemove {Ice rElec rN+ Int+4 Stlth+}

@: blade hands (expiring), very slow
A: change form in water, swift swim, beak, rugged brown scales 1, magic
resistance 1, strong 1
a: End Transformation, Bend Time, Temporal Distortion, Slouch, Step From Time,
Renounce Religion


You were on level 1 of the Shoals.
You worshipped Cheibriados.
Cheibriados was exalted by your worship.
You were very hungry.
You had blades for hands.
You visited 4 branches of the dungeon, and saw 23 of its levels.
You also visited: Trove and Ossuary.

You collected 1543 gold pieces.

Inventory:

Hand Weapons
 P - a +1 blowgun
   (You took it off a kobold on level 8 of the Dungeon)
Missiles
 a - 750 arrows
 s - 20 curare-tipped needles
 I - 2 throwing nets {=f, !d}
Armour
 b - a +2 cloak (worn)
   (You found it on level 1 of the Lair of Beasts)
 r - a +0 pair of gloves (melded)
   (You found it on level 3 of the Dungeon)
 J - the cursed +0 robe of Submission {rPois, unknown}
   (You found it on level 5 of the Lair of Beasts)

   It protects you from poison.
   It has a curse placed upon it.
 T - a +1 robe of fire resistance (worn)
   (You took it off Psyche on level 9 of the Dungeon)
 W - the +1 robe of Wrong Decisions {rN+ Dex+4, unknown}
   (You found it on level 1 of the Shoals)

   It affects your dexterity (+4).
   It protects you from negative energy.
 Y - a +0 pair of boots (worn)
   (You found it on level 13 of the Dungeon)
Jewellery
 c - an uncursed amulet of dismissal {unknown}
   (You found it on level 3 of the Lair of Beasts)
 g - the ring of Qaki {rPois rC+ MR+ Dex-3}
   (You found it in a treasure trove)

   [ring of dexterity]

   It affects your dexterity (-3).
   It protects you from cold.
   It protects you from poison.
   It affects your resistance to hostile enchantments.
 j - the amulet "Xyrac" (around neck) {Spirit Slay+3}
   (You found it in a treasure trove)

   [amulet of guardian spirit]

   It causes incoming damage to be split between your health and magic.
   It affects your accuracy and damage with ranged weapons and melee attacks
   (+3).
 m - the ring "Teexki" {+Fly MR+}
   (You acquired it on level 8 of the Dungeon)

   [ring of protection from magic]

   It affects your resistance to hostile enchantments.
   It lets you fly.
 q - an uncursed ring of see invisible {sInv, !d}
   (You found it in a treasure trove)
 u - an uncursed amulet of regeneration {+regen, !d}
   (You found it on level 2 of the Lair of Beasts)
 w - the ring "Qeiniweu" (right scythe-like blade) {Slay+2 Stlth+}
   (You found it in a treasure trove)

   [ring of stealth]

   It affects your accuracy and damage with ranged weapons and melee attacks
   (+2).
   It makes you more stealthy.
 N - a +3 ring of strength
   (You took it off a centaur on level 1 of the Shoals)
 Q - the ring of Hemove (left scythe-like blade) {Ice rElec rN+ Int+4 Stlth+}
   (You found it in a treasure trove)

   [ring of ice]

   It enhances your ice magic.
   It affects your intelligence (+4).
   It makes you vulnerable to fire.
   It protects you from cold.
   It insulates you from electricity.
   It protects you from negative energy.
   It makes you more stealthy.
 R - a cursed -2 ring of slaying {unknown}
   (You found it on level 1 of the Shoals)
 U - an uncursed ring of resist corrosion {unknown}
   (You found it on level 2 of the Shoals)
Wands
 o - a wand of disintegration (12/24)
   (You found it on level 13 of the Dungeon)
 F - a wand of acid (7/15)
   (You took it off Maurice on level 7 of the Dungeon)
 H - a wand of disintegration (7/24)
   (You found it on level 5 of the Dungeon)
 K - a wand of slowing (22/48)
   (You found it on level 5 of the Lair of Beasts)
 O - a wand of iceblast (7/15)
   (You found it on level 11 of the Dungeon)
 S - a wand of slowing (21/48)
   (You found it on level 2 of the Shoals)
 V - a wand of paralysis (13/24)
   (You found it on level 2 of the Shoals)
Scrolls
 h - 5 scrolls of teleportation
 i - a scroll of blinking {!r}
 k - a scroll of fog
 l - 15 scrolls of remove curse
 n - 3 scrolls of amnesia
 y - 2 scrolls of summoning
 A - a scroll of enchant weapon
 C - 10 scrolls of identify
Potions
 e - 4 potions of brilliance
 p - 5 potions of flight
 t - a potion of mutation {unknown}
 z - 3 potions of lignification {!q}
 D - 2 potions of cancellation
 E - 3 potions of ambrosia
 G - 2 potions of might
 M - 5 potions of resistance
 X - 2 potions of agility
Books
 Z - a book of Power
   (You found it on level 1 of the Shoals)
Miscellaneous
 f - 2 phantom mirrors
Comestibles
 d - 15 bread rations
 v - 3 meat rations
 B - 11 beef jerkies
 L - 2 royal jellies


   Skills:
 - Level 6.0 Fighting
 - Level 12.0 Dodging
 + Level 8.3 Stealth
 - Level 18.0 Unarmed Combat
 - Level 6.0 Spellcasting
 - Level 14.0 Transmutations
 - Level 6.6 Ice Magic
 - Level 3.1 Poison Magic
 - Level 13.3 Invocations


You had 12 spell levels left.
You knew the following spells:

 Your Spells              Type           Power        Failure   Level  Hunger
a - Beastly Appendage     Tmut           ######       3%          1    None
b - Ice Form              Ice/Tmut       #######.     12%         4    ##.....
c - Spider Form           Tmut/Pois      ######....   12%         3    None
s - Sticks to Snakes      Tmut           #######.     3%          2    None
x - Blade Hands           Tmut           #######...   12%         5    ####...


Dungeon Overview and Level Annotations

Branches:
Dungeon (14/15)            Temple (1/1) D:5            Lair (6/6) D:11
 Shoals (2/4) Lair:4       Spider (0/4) Lair:4        Slime (0/5) Lair:6
    Orc (0/2) D:9          Vaults (0/5) D:13

Altars:
Ashenzari
Cheibriados
Dithmenos
Elyvilon
Fedhas
Gozag
Hepliaklqana
Kikubaaqudgha
Makhleb
Nemelex Xobeh
Okawaru
Qazlal
Ru
Sif Muna
Trog
Uskayaw
Vehumet
Xom
Yredelemnul
Zin
The Shining One

Shops:
D:5 *

Annotations:
D:12 exclusion: door


Innate Abilities, Weirdness & Mutations

You revert to your normal form in water.
You are very nimble and swift while swimming.
You have a beak for a mouth.
You are partially covered in rugged brown scales. (AC +1, +3% HP)
You are resistant to hostile enchantments. (MR+)
Your muscles are strong. (Str +2)


Message History

Ye resist wit' almost nay effort.
Unknown command.
Tha snappin' turtle misses ye.
Tha merfolk barely misses ye.
Tha snappin' turtle bites ye from afar.
Tha merfolk hits ye wit' a trident!!
Unknown command.
Unknown command.
Ye slash tha merfolk!
Tha merfolk be moderately wounded.
Tha snappin' turtle barely misses ye.
Tha faun shoots a slin' bullet.
Tha slin' bullet hits ye!!
Unknown command.
Ye shred tha merfolk!!!
Ye kill tha merfolk!
Cheibriados thoroughly appreciates tha change o' pace.
Tha snappin' turtle misses ye.
Tha faun shoots a slin' bullet.
Tha slin' bullet hits ye!
Unknown command.
Ye can feel time thick'n fer a momn't.
Ye be feelin' very hungry.
Tha snappin' turtle completely misses ye.
Unknown command.
Okay, than.
Okay, than.
Press: ? - help, v - describe, . - travel 'ere: a faun, wieldin' a huntin' slin' Some shallow water.
Ye can feel time thick'n fer a momn't.
Ye feel somewhat more hungry.
Tha faun shoots a slin' bullet.
Tha slin' bullet completely misses ye.
Tha faun unwields an uncursed club.
Tha faun wields a huntin' slin'.
Tha faun shoots a stone.
Tha stone completely misses ye.
Ye hear a splash.
Tha snappin' turtle misses ye.
Unknown command.
Tha faun casts a spell at ye.
Ye resist wit' almost nay effort.
Tha snappin' turtle misses ye.
Tha faun shoots a slin' bullet.
Tha slin' bullet closely misses ye.
Ye see 'ere 2 slin' bullets.
Unknown command.
Tha faun shoots a slin' bullet.
Tha slin' bullet hits ye.
Tha snappin' turtle bites ye from afar!
Ye see 'ere a slin' bullet.
Unknown command.
Tha snappin' turtle completely misses ye.
Unknown command.
Evoke which item? (* ta show all) (? fer menu, 'sc ta quit) Ye haf nay means ta grasp a wand firmly enough.
Unknown command.
Unknown command.
Ye completely miss tha cyclops.
Ye slash tha cyclops!!
Tha cyclops be severely wounded.
Ye shred tha cyclops!!!
Ye kill tha cyclops!
Cheibriados appreciates tha change o' pace.
Tha snappin' turtle completely misses ye.
Unknown command.
Tha faun hits ye from afar wit' a spear o' flamin'!
Tha faun burns ye.
Tha snappin' turtle bites ye!!
* * * LOW HITPOINT WARNIN'
* * * Tha faun hits ye from afar wit' a spear o' flamin'!
* * * LOW HITPOINT WARNIN'
* * * Tha faun burns ye.
* * * LOW HITPOINT WARNIN'
* * * Tha snappin' turtle barely misses ye.
Thin's tha be 'ere: 5 large rocks {!d}; a cyclops corpse Unknown command.
Unknown command.
Unknown command.
Ye feel much better.
Tha faun completely misses ye.
Tha snappin' turtle barely misses ye.
Tha faun shoots a slin' bullet.
Tha slin' bullet closely misses ye.
Ye shred tha snappin' turtle!!!
Ye kill tha snappin' turtle!
Cheibriados appreciates tha change o' pace.
Yer transformation be almost o'er.
Tha faun completely misses ye.
Re'lly read
i - a scroll o' blinkin' {!r}?
Okay, than.
Okay, than.
Evoke which item? (* ta show all) (? fer menu, 'sc ta quit) Ye haf nay means ta grasp a wand firmly enough.
Re'lly read
i - a scroll o' blinkin' {!r}?
Okay, than.
Okay, than.
Castin': Blade Hands Confirm wit' . or Enter, or press ? or * ta list all spells.
Okay, than.
Unknown command.
Tha faun unwields an uncursed huntin' slin'.
Tha faun wields an uncursed club.
Tha faun hits ye wit' an uncursed club!
* * * LOW HITPOINT WARNIN'
* * * Tha faun gestures at ye while chantin'.
Ye resist wit' almost nay effort.
Tha faun completely misses ye.
Tha faun gestures at ye while chantin'.
Ye resist wit' almost nay effort.
Tha faun completely misses ye.
Tha faun hits ye wit' an uncursed club!
* * * LOW HITPOINT WARNIN'
* * * Tha faun unwields an uncursed huntin' slin'.
Tha faun wields an uncursed club.
Tha faun hits ye wit' an uncursed club!
Ye die...

≈≈≈≈≈≈≈≈≈≈≈≈≈PP≈≈..≈≈≈≈≈≈≈≈
≈≈≈≈≈≈≈..≈≈≈≈≈≈P.P≈≈≈≈≈≈≈≈≈
≈P≈P...>..≈≈≈≈≈≈P#P≈≈≈≈≈≈≈≈
###P≈...≈≈≈≈PPPP.P.≈≈≈≈≈≈≈≈
##≈P#.≈≈≈≈P≈PP≈.P≈≈≈≈≈≈≈≈
##≈P≈≈.≈≈≈(≈≈≈≈≈≈≈≈≈
#PP.≈≈≈(≈≈≈P≈≈≈≈≈≈≈
##P..≈≈≈≈cc≈≈≈≈≈≈≈≈
≈..P#P..≈≈≈≈@c≈≈≈≈≈≈≈≈
....≈#P..≈≈≈(#(c≈≈≈≈≈≈≈
≈≈.P≈#P..≈≈≈.###)≈≈≈≈≈≈
≈≈≈≈##P..≈≈..# .≈≈≈≈≈≈
###≈≈≈≈#P≈.≈≈≈..# .≈≈≈≈≈≈
#..#≈≈##PP.%.≈..##.≈≈≈≈≈≈≈
.).≈≈##≈≈##.(.≈....≈≈≈≈≈≈≈
#..##≈≈P.......≈≈≈≈≈≈≈≈≈≈≈
(((.≈PP........≈≈≈≈≈≈≈≈≈≈≈


You could see 4 fauns.

Vanquished Creatures
  Rupert (D:12)
  A frost giant (Shoals:1)
  A fire giant (D:13)
  An ettin (D:13)
  3 vault guards (D:13)
  5 centaur warriors (D:13)
  Erica (Lair:2)
  2 merfolk avatars
  5 hydras
  3 catoblepae
  A deep troll shaman (Lair:6)
  A tengu warrior (D:13)
  7 death yaks
  A queen ant (D:8)
  Nergalle (D:12)
  3 unseen horrors
  3 wizards (D:13)
  6 sea snakes (Shoals:1)
  7 hill giants
  A wolf spider zombie (D:14)
  A mana viper (shapeshifter) (D:13)
  2 ugly things
  3 manticores
  3 griffons
  9 cyclopes
  2 sirens (Shoals:1)
  Maurice (D:7)
  6 elephants (Lair:6)
  7 black mambas
  A water nymph (Shoals:2)
  Joseph (D:8)
  A gargoyle (D:14)
  10 spiny frogs
  Psyche (D:9)
  7 komodo dragons
  A tengu conjurer (D:13)
  A harpy zombie (D:13)
  A meliai (D:13)
  4 merfolk
  4 trolls
  A wind drake (Shoals:1)
  7 polar bears
  Prince Ribbit (Lair:2)
  Grinder (D:6)
  5 slime creatures
  24 blink frogs
  A wyvern (D:12)
  A snapping turtle (Shoals:1)
  9 spriggans (D:8)
  A shadow (D:13)
  A wraith (D:14)
  48 yaks
  2 vampires
  18 humans (D:13)
  Eustachio (D:4)
  3 basilisks
  9 hippogriffs
  8 vampire mosquitoes
  A mottled dragon (D:13)
  9 water moccasins
  7 porcupines
  10 soldier ants (D:8)
  5 orc warriors
  7 ice beasts
  4 phantoms
  9 black bears
  11 wolves (Lair:6)
  6 ogres
  2 eyes of draining
  21 centaurs
  3 big kobolds
  12 crocodiles
  A wyvern zombie (D:9)
  9 giant frogs
  3 water moccasin zombies (Ossuary)
  5 scorpions
  A water moccasin skeleton (D:4)
  21 killer bees
  9 wights
  An electric eel (D:6)
  4 howler monkeys
  6 crimson imps
  A quasit (D:6)
  3 giant frog zombies
  6 jellies
  9 orc priests
  2 giant frog skeletons
  15 hounds
  17 orc wizards
  4 centaur skeletons
  13 iguanas
  Natasha (thrice) (D:3)
  23 worker ants
  2 big kobold zombies (Ossuary)
  A killer bee zombie (D:10)
  40 sheep
  A giant frog simulacrum (D:13)
  2 hound zombies (D:6)
  2 mummies (Ossuary)
  A howler monkey zombie (D:5)
  Robin (D:3)
  8 gnolls
  11 adders
  75 river rats
  3 shadow imps
  An ooze (D:3)
  An adder skeleton (D:9)
  2 adder zombies (Ossuary)
  A worm (D:2)
  A dart slug (D:3)
  11 giant geckos
  38 orcs
  7 giant cockroaches
  4 gnoll zombies (Ossuary)
  20 goblins
  10 hobgoblins
  4 jackals (D:3)
  3 quokkas
  2 ball pythons (D:3)
  11 bats
  2 giant gecko skeletons
  7 giant newts
  7 hobgoblin zombies (Ossuary)
  A jackal skeleton (D:4)
  17 kobolds
  2 kobold zombies (Ossuary)
  4 orc zombies (Ossuary)
  A quokka skeleton (D:5)
  7 rats
835 creatures vanquished.

Vanquished Creatures (collateral kills)
  A dire elephant (Lair:6)
1 creature vanquished.

Vanquished Creatures (others)
  6 fungi
  14 plants
20 creatures vanquished.

Grand Total: 856 creatures vanquished

Notes
Turn   | Place    | Note
-------+----------+-------------------------------------------
     0 | D:1      | Gelly3 the Merfolk Transmuter began the quest for the Orb.
     0 | D:1      | Reached XP level 1. HP: 15/15 MP: 3/3
    15 | D:1      | Reached skill level 3 in Transmutations
   179 | D:1      | Reached XP level 2. HP: 11/21 MP: 5/5
   546 | D:1      | Reached skill level 4 in Transmutations
   614 | D:1      | Reached XP level 3. HP: 15/26 MP: 6/6
   753 | D:1      | Learned a level 3 spell: Spider Form
  1362 | D:2      | Reached skill level 1 in Poison Magic
  1652 | D:2      | Reached XP level 4. HP: 32/32 MP: 3/7
  1676 | D:2      | Reached skill level 2 in Poison Magic
  1732 | D:2      | Reached skill level 3 in Poison Magic
  1934 | D:2      | Reached XP level 5. HP: 28/37 MP: 8/8
  1950 | D:2      | Reached skill level 4 in Unarmed Combat
  2411 | D:3      | Learned a level 4 spell: Ice Form
  2774 | D:3      | Noticed Robin
  2781 | D:3      | Killed Robin
  2800 | D:3      | HP: 9/37 [hobgoblin[Robin] (2)]
  2812 | D:3      | HP: 7/37 [goblin[Robin] (4)]
  2817 | D:3      | HP: 4/37 [goblin/dagger[Robin] (3)]
  2818 | D:3      | Reached skill level 5 in Unarmed Combat
  3173 | D:3      | Noticed Natasha
  3184 | D:3      | Killed Natasha
  3389 | D:3      | Noticed Natasha
  3394 | D:3      | Killed Natasha
  3394 | D:3      | Reached XP level 6. HP: 39/43 MP: 9/9
  3432 | D:3      | Noticed Natasha
  3440 | D:3      | Killed Natasha
  3608 | D:4      | Reached skill level 6 in Unarmed Combat
  3783 | D:4      | Reached skill level 7 in Unarmed Combat
  3783 | D:4      | Reached XP level 7. HP: 42/48 MP: 7/10
  3851 | D:4      | Found a basalt altar of Yredelemnul.
  3851 | D:4      | Found a blossoming altar of Fedhas.
  4261 | D:4      | Noticed Eustachio
  4286 | D:4      | HP: 7/48 [iron imp[Eustachio] (8)]
  4320 | D:4      | HP: 11/48 [Eustachio/rapier (3)]
  4322 | D:4      | Killed Eustachio
  4322 | D:4      | Reached skill level 8 in Unarmed Combat
  4839 | D:5      | Entered Level 5 of the Dungeon
  4841 | D:5      | Found a staircase to the Ecumenical Temple.
  4851 | D:5      | Reached skill level 9 in Unarmed Combat
  4851 | D:5      | Reached XP level 8. HP: 34/54 MP: 7/11
  4857 | D:5      | Found a sand-covered staircase.
  4879 | Ossuary  | Entered an ossuary
  5115 | Ossuary  | Reached skill level 10 in Unarmed Combat
  5189 | D:5      | Found an opulent altar of Gozag.
  5192 | D:5      | Found Gozag's Platinum Reserve.
  5375 | D:5      | Reached skill level 11 in Unarmed Combat
  5480 | Temple   | Entered the Ecumenical Temple
  5571 | D:5      | Reached skill level 1 in Ice Magic
  6214 | D:5      | Reached skill level 2 in Ice Magic
  6248 | D:6      | Reached skill level 3 in Ice Magic
  6273 | D:6      | Found a shimmering altar of Xom.
  6563 | D:6      | Found a shimmering altar of Xom.
  6564 | D:6      | Found a shimmering altar of Xom.
  6564 | D:6      | Found a shimmering altar of Xom.
  6564 | D:6      | Found a shimmering altar of Xom.
  6565 | D:6      | Found a shimmering altar of Xom.
  6565 | D:6      | Found a shimmering altar of Xom.
  6579 | D:6      | Reached XP level 9. HP: 56/59 MP: 8/12
  6605 | D:6      | Reached skill level 5 in Transmutations
  6755 | D:6      | Reached skill level 2 in Fighting
  6816 | D:6      | Reached skill level 3 in Fighting
  6817 | D:6      | Noticed Grinder
  6855 | D:6      | Paralysed by Grinder for 7 turns
  6879 | D:6      | Paralysed by Grinder for 3 turns
  6883 | D:6      | HP: 10/64 [Grinder (9)]
  6887 | D:6      | Killed Grinder
  6887 | D:6      | Reached skill level 4 in Fighting
  7123 | D:6      | Reached skill level 5 in Fighting
  7172 | D:6      | Found a sparkling altar of Nemelex Xobeh.
  7190 | D:6      | You fall through a shaft for 2 floors!
  7226 | D:7      | Found a stormy altar of Qazlal.
  7526 | D:7      | Found a snail-covered altar of Cheibriados.
  7564 | D:7      | Reached skill level 6 in Fighting
  7575 | D:7      | Became a worshipper of Cheibriados the Contemplative
  7693 | D:7      | Reached skill level 3 in Dodging
  7927 | D:7      | Reached skill level 4 in Dodging
  8039 | D:7      | Found a glowing golden altar of the Shining One.
  8316 | D:7      | Reached skill level 5 in Dodging
  8647 | D:8      | Reached * piety under Cheibriados
  8647 | D:8      | Reached skill level 6 in Dodging
  8745 | D:8      | Reached skill level 7 in Dodging
  8786 | D:8      | Noticed a queen ant
  8790 | D:8      | Reached skill level 4 in Ice Magic
  8800 | D:8      | HP: 14/69 [queen ant (11)]
  8801 | D:8      | Killed a queen ant
  8801 | D:8      | Reached skill level 6 in Ice Magic
  8801 | D:8      | Reached XP level 10. HP: 16/76 MP: 9/13
  8986 | D:8      | Learned a level 5 spell: Blade Hands
  9038 | D:8      | Reached skill level 8 in Dodging
  9047 | D:8      | Reached ** piety under Cheibriados
  9070 | D:8      | Reached skill level 6 in Transmutations
  9088 | D:8      | HP: 19/76 [hound (2)]
  9096 | D:8      | HP: 8/76 [soldier ant (11)]
  9097 | D:8      | Reached skill level 7 in Transmutations
  9101 | D:8      | HP: 6/76 [poisoned by a soldier ant]
  9106 | D:8      | HP: 4/76 [poisoned by a soldier ant]
  9113 | D:8      | HP: 4/76 [poisoned by a soldier ant]
  9118 | D:8      | HP: 4/76 [poisoned by a soldier ant]
  9124 | D:8      | HP: 4/76 [poisoned by a soldier ant]
  9130 | D:8      | HP: 5/76 [poisoned by a soldier ant]
  9136 | D:8      | HP: 5/76 [poisoned by a soldier ant]
  9200 | D:8      | HP: 17/76 [soldier ant (3)]
  9204 | D:8      | HP: 5/76 [soldier ant (9)]
  9210 | D:8      | HP: 3/76 [poisoned by a soldier ant]
  9516 | D:8      | Reached skill level 8 in Transmutations
  9600 | D:8      | Identified a scroll of acquirement
  9601 | D:8      | Got a flickering copper ring
  9603 | D:8      | Identified the ring "Teexki" {+Fly MR+} (You acquired it on level 8 of the Dungeon)
  9696 | D:8      | Noticed Maurice
  9725 | D:7      | Killed Maurice
  9725 | D:7      | Reached skill level 9 in Dodging
  9982 | D:8      | Noticed a manticore
  9993 | D:8      | Reached skill level 10 in Dodging
 10000 | D:8      | Killed a manticore
 10000 | D:8      | Reached XP level 11. HP: 44/81 MP: 11/14
 10020 | D:8      | Reached *** piety under Cheibriados
 10020 | D:8      | Reached skill level 11 in Dodging
 10182 | D:8      | Reached skill level 1 in Stealth
 10190 | D:8      | Reached skill level 2 in Stealth
 10192 | D:8      | Reached skill level 3 in Stealth
 10315 | D:8      | Reached skill level 4 in Stealth
 10354 | D:8      | Noticed Joseph
 10368 | D:8      | Killed Joseph
 10368 | D:8      | Reached skill level 5 in Stealth
 10594 | D:9      | Reached skill level 6 in Stealth
 10643 | D:9      | Reached skill level 7 in Stealth
 10691 | D:9      | Noticed Psyche
 10706 | D:9      | Killed Psyche
 10787 | D:9      | Reached skill level 8 in Stealth
 10830 | D:9      | Reached **** piety under Cheibriados
 10843 | D:9      | Reached skill level 1 in Invocations
 10858 | D:9      | Found a sparkling altar of Nemelex Xobeh.
 11096 | D:9      | Reached skill level 2 in Invocations
 11323 | D:9      | Reached skill level 3 in Invocations
 11671 | D:9      | Found a staircase to the Orcish Mines.
 11696 | D:9      | Found a hazy altar of Hepliaklqana.
 11891 | D:10     | Entered Level 10 of the Dungeon
 11971 | D:10     | Reached ***** piety under Cheibriados
 12039 | D:10     | Found a sacrificial altar of Ru.
 12075 | D:10     | Noticed a catoblepas
 12089 | D:10     | HP: 13/81 [catoblepas (20)]
 12095 | D:10     | Killed a catoblepas
 12095 | D:10     | Reached skill level 4 in Invocations
 12362 | D:10     | Reached skill level 5 in Invocations
 12469 | D:10     | Killed an unseen horror
 12608 | D:10     | Reached skill level 6 in Invocations
 12758 | D:10     | Killed an unseen horror
 12758 | D:10     | Reached XP level 12. HP: 69/88 MP: 14/17
 12989 | D:10     | Reached skill level 7 in Invocations
 13309 | D:11     | Found a staircase to the Lair.
 13324 | D:11     | Reached skill level 8 in Invocations
 13454 | D:11     | Reached skill level 9 in Invocations
 13917 | D:11     | Reached skill level 10 in Invocations
 14781 | D:12     | Noticed Nergalle
 14785 | D:12     | Noticed an eight-headed hydra
 14785 | D:12     | Reached skill level 11 in Invocations
 14785 | D:12     | Reached ****** piety under Cheibriados
 14790 | D:12     | Killed Nergalle
 14797 | D:12     | Killed an eight-headed hydra
 15128 | D:12     | Noticed Rupert
 15133 | D:12     | Learned a level 2 spell: Sticks to Snakes
 15138 | D:12     | Paralysed by Rupert for 4 turns
 15147 | D:12     | Reached skill level 12 in Invocations
 15156 | D:12     | HP: 12/88 [yak (11)]
 15336 | D:12     | Killed Rupert
 15336 | D:12     | Reached skill level 13 in Invocations
 15336 | D:12     | Reached XP level 13. HP: 25/93 MP: 13/22
 15650 | D:12     | HP: 21/93 [griffon (7)]
 16447 | D:13     | Reached skill level 12 in Unarmed Combat
 16513 | D:13     | Reached skill level 3 in Spellcasting
 16714 | D:13     | Reached skill level 4 in Spellcasting
 16748 | D:13     | Found a gate to the Vaults.
 16748 | D:13     | Noticed a vault guard
 16748 | D:13     | Noticed a vault guard
 16748 | D:13     | Noticed a vault guard
 16757 | D:13     | Killed a vault guard
 16760 | D:13     | Killed a vault guard
 16760 | D:13     | Reached skill level 5 in Spellcasting
 16764 | D:13     | Killed a vault guard
 16771 | D:13     | Reached skill level 6 in Spellcasting
 16905 | D:13     | Reached skill level 9 in Transmutations
 17025 | D:13     | Reached skill level 10 in Transmutations
 17079 | D:13     | Found a large runed door.
 17092 | D:13     | HP: 16/93 [meliai/hand axe (13)]
 17464 | D:13     | Found a large runed door.
 17528 | D:13     | Reached skill level 11 in Transmutations
 17676 | D:13     | Reached XP level 14. HP: 100/100 MP: 18/24
 17685 | D:13     | Gained mutation: You have a beak for a mouth. [mutagenic meat]
 17688 | D:13     | Gained mutation: Your muscles are strong. (Str +2) [mutagenic meat]
 17691 | D:13     | Gained mutation: You are partially covered in rugged brown scales. (AC +1, +3% HP) [mutagenic meat]
 17694 | D:13     | Gained mutation: You are resistant to hostile enchantments. (MR+) [mutagenic meat]
 17934 | D:13     | Reached skill level 12 in Transmutations
 18495 | D:13     | Found a sacrificial altar of Ru.
 18502 | D:13     | Reached skill level 13 in Transmutations
 18508 | D:13     | Found a radiant altar of Vehumet.
 18508 | D:13     | Noticed a fire giant
 18515 | D:13     | Killed a fire giant
 19204 | D:14     | Reached skill level 14 in Transmutations
 19289 | D:14     | Found a portal to a secret trove of treasure.
 19293 | Trove    | Entered a treasure trove
 19303 | Trove    | Got a warped golden ring
 19328 | Trove    | Identified the ring "Qeiniweu" {Slay+2 Stlth+} (You found it in a treasure trove)
 19352 | Trove    | Got a faintly glowing bone ring
 19353 | Trove    | Identified the ring of Hemove {Ice rElec rN+ Int+4 Stlth+} (You found it in a treasure trove)
 19378 | Trove    | Got a glittering copper ring
 19380 | Trove    | Identified the cursed ring of Qaki {rPois rC+ MR+ Dex-3} (You found it in a treasure trove)
 19382 | Trove    | Got a glittering brass amulet
 19384 | Trove    | Identified the amulet "Xyrac" {Spirit Slay+3} (You found it in a treasure trove)
 19394 | Trove    | Got a crude crystal amulet
 19396 | Trove    | Identified the amulet of Fatigue {Harm *Drain Int+2 Dex+4} (You found it in a treasure trove)
 19646 | Lair:1   | Entered Level 1 of the Lair of Beasts
 20957 | Lair:2   | Noticed Erica
 20963 | Lair:2   | Noticed Prince Ribbit
 20974 | Lair:2   | Killed Erica
 20974 | Lair:2   | Reached skill level 12 in Dodging
 21277 | Lair:2   | Killed Prince Ribbit
 21320 | Lair:2   | HP: 23/103 [eight-headed hydra (3)]
 22530 | Lair:3   | Reached skill level 13 in Unarmed Combat
 23517 | Lair:4   | Found a staircase to the Shoals.
 23542 | Lair:4   | Reached skill level 14 in Unarmed Combat
 23875 | Lair:4   | Reached XP level 15. HP: 102/108 MP: 22/25
 24023 | Lair:4   | Found a hole to the Spider Nest.
 25185 | Lair:5   | Got an ominously black robe
 25708 | Lair:6   | Entered Level 6 of the Lair of Beasts
 25712 | Lair:6   | Reached skill level 15 in Unarmed Combat
 25729 | Lair:5   | HP: 24/108 [yak (9)]
 26181 | Lair:6   | Found a glowing silver altar of Zin.
 26500 | Lair:6   | Got a sapphire mace
 26501 | Lair:6   | Identified the +11 mace of Cenkuuku {flame, rPois rF+} (You found it on level 6 of the Lair of Beasts)
 26712 | Lair:6   | Reached skill level 16 in Unarmed Combat
 26766 | Lair:6   | Found a staircase to the Slime Pits.
 27437 | Shoals:1 | Entered Level 1 of the Shoals
 27437 | Shoals:1 | Noticed a frost giant
 27445 | Shoals:1 | Killed a frost giant
 27445 | Shoals:1 | Reached skill level 17 in Unarmed Combat
 27466 | Shoals:1 | HP: 26/108 [poisoned by a sea snake]
 28413 | Shoals:1 | You fall through a shaft!
 28425 | Shoals:2 | Reached XP level 16. HP: 114/114 MP: 22/26
 28507 | Shoals:1 | Got a faintly glowing robe
 29004 | Shoals:1 | Reached skill level 18 in Unarmed Combat
 29023 | Shoals:1 | HP: 18/114 [snapping turtle (18)]
 29023 | Shoals:1 | HP: 8/114 [faun/spear of flaming (4)]
 29026 | Shoals:1 | Slain by a faun

Vault maps used:
D:1:      saegor_arrival_simple_a, minmay_misc_feat_alley
D:3:      uniq_natasha, uniq_robin
D:4:      gammafunk_temple_overflow_statue, first_bread, uniq_eustachio
D:5:      nicolae_gozag_zags_fifth_avenue, lightli_ossuary_entry_decrepit_ruins
D:6:      nicolae_overflow_hidden_temple, minivault_4, xom_redecorated,
          uniq_grinder
D:7:      nicolae_qazlal_general_emergency, cheibriados_altar_1,
          nicolae_tso_carved_into_rock
D:8:      kb_forest_paths, grunt_ogre_cave, minmay_another_anthill,
          uniq_maurice, uniq_joseph
D:9:      lemuel_round_altar, orc_0_dummy, nemelex_spade_bored_becter,
          uniq_psyche
D:10:     nicolae_ru_the_path_less_chosen
D:11:     minmay_lair_entry_grove
D:12:     uniq_rupert, uniq_frances, uniq_nergalle
D:13:     grunt_vaults_entry_tiered, grunt_ministairs_3, jmf_multi_god_temple2
D:14:     serial_glass, glass_columns_c, glass_columns_b, trove_entry_hex_spiral
Temple:   zaba_magenta_temple
Lair:1:   grunt_forest_small_clearing_treed
Lair:2:   beast_lair_carwin_large_1, uniq_erica, uniq_prince_ribbit2
Lair:4:   minmay_shoals_entry_beasts, spider_nest_entry_web_field,
          cheibrodos_lair_caveside_slide
Lair:5:   beast_lair_carwin_2
Lair:6:   grunt_lair_end_beastmaster, minmay_slime_entry_pillars, basic_altar,
          serial_bayou_shore_b
Shoals:1: st_shoals_ruin
Shoals:2: nicolae_shoals_this_corrosion
Trove:    trove_jewel_1
Ossuary:  ossuary_tomb_2

Skill      XL: |  1  2  3  4  5  6  7  8  9 10 11 12 13 14 15 16 |
---------------+-------------------------------------------------+-----
Transmutations | 3 4 5 8 11 14 | 14.0
Poison Magic   | 1 3 |  3.1
Unarmed Combat | 5 7 9 11 12 14 17 18 | 18.0
Ice Magic      | 3 6 |  6.6
Fighting       | 6 |  6.0
Dodging        | 7 10 11 12 | 12.0
Stealth        | 8 |  8.3
Invocations    | 6 13 | 13.3
Spellcasting   | 6 |  6.0

Action                   |  1- 3 |  4- 6 |  7- 9 | 10-12 | 13-15 | 16-18 || total
-------------------------+-------+-------+-------+-------+-------+-------++-------
Melee: Unarmed           |   133 |   188 |   435 |   602 |  1053 |    32 ||  2443
       Headbutt          |     1 |       |       |       |       |       ||     1
       Punch             |       |     2 |     8 |    21 |    60 |     5 ||    96
       Tailslap          |       |       |     2 |       |       |     1 ||     3
       Peck              |       |       |       |       |   172 |     7 ||   179
 Cast: Beastly Appendage |     2 |       |       |       |     1 |       ||     3
       Spider Form       |     2 |    11 |    33 |    35 |    18 |       ||    99
       Ice Form          |       |       |     1 |     6 |     8 |       ||    15
       Blade Hands       |       |       |       |     3 |    54 |     4 ||    61
       Sticks to Snakes  |       |       |       |    18 |     9 |       ||    27
Invok: Slouch            |       |       |       |     5 |     2 |     2 ||     9
 Abil: End Transformatio |       |       |       |     3 |     1 |       ||     4
  Use: Scroll            |       |       |     6 |    17 |    12 |       ||    35
       Potion            |       |       |     5 |     9 |     2 |     1 ||    17
 Stab: Sleeping          |     3 |     1 |     1 |    15 |    49 |       ||    69
       Distracted        |       |       |       |     3 |     7 |       ||    10
       Petrified         |       |       |       |       |     1 |       ||     1
  Eat: Chunk             |     2 |     9 |    19 |    17 |    31 |     1 ||    79
       Beef jerky        |       |       |     1 |       |       |       ||     1
       Pizza             |       |       |     1 |       |     2 |       ||     3
       Fruit             |       |       |       |       |     6 |       ||     6
       Meat ration       |       |       |       |       |     1 |       ||     1
Armor: Robe              |    16 |    23 |    57 |    26 |    90 |       ||   212
       Skin              |       |     3 |    21 |     7 |    22 |       ||    53
Dodge: Dodged            |    86 |   154 |   340 |   763 |  1254 |    42 ||  2639

Vault maps used:
D:1:      saegor_arrival_simple_a, minmay_misc_feat_alley
D:3:      uniq_natasha, uniq_robin
D:4:      gammafunk_temple_overflow_statue, first_bread, uniq_eustachio
D:5:      nicolae_gozag_zags_fifth_avenue, lightli_ossuary_entry_decrepit_ruins
D:6:      nicolae_overflow_hidden_temple, minivault_4, xom_redecorated,
          uniq_grinder
D:7:      nicolae_qazlal_general_emergency, cheibriados_altar_1,
          nicolae_tso_carved_into_rock
D:8:      kb_forest_paths, grunt_ogre_cave, minmay_another_anthill,
          uniq_maurice, uniq_joseph
D:9:      lemuel_round_altar, orc_0_dummy, nemelex_spade_bored_becter,
          uniq_psyche
D:10:     nicolae_ru_the_path_less_chosen
D:11:     minmay_lair_entry_grove
D:12:     uniq_rupert, uniq_frances, uniq_nergalle
D:13:     grunt_vaults_entry_tiered, grunt_ministairs_3, jmf_multi_god_temple2
D:14:     serial_glass, glass_columns_c, glass_columns_b, trove_entry_hex_spiral
Temple:   zaba_magenta_temple
Lair:1:   grunt_forest_small_clearing_treed
Lair:2:   beast_lair_carwin_large_1, uniq_erica, uniq_prince_ribbit2
Lair:4:   minmay_shoals_entry_beasts, spider_nest_entry_web_field,
          cheibrodos_lair_caveside_slide
Lair:5:   beast_lair_carwin_2
Lair:6:   grunt_lair_end_beastmaster, minmay_slime_entry_pillars, basic_altar,
          serial_bayou_shore_b
Shoals:1: st_shoals_ruin
Shoals:2: nicolae_shoals_this_corrosion
Trove:    trove_jewel_1
Ossuary:  ossuary_tomb_2

Table legend:
 A = Turns spent in this place as a percentage of turns spent in the entire game.
 B = Non-inter-level travel turns spent in this place as a percentage of non-inter-level travel turns spent in the entire game.
 C = Inter-level travel turns spent in this place as a percentage of turns spent in this place.
 D = Turns resting spent in this place as a percentage of non-inter-level travel turns spent in this place.
 E = Turns spent auto-exploring this place as a percentage of non-inter-level travel turns spent in this place.
 F = Non-inter-level travel turns spent in this place divided by the number of levels of this place that you've seen.
                   A       B       C       D       E      F
               +-------+-------+-------+-------+-------+----------------------
         Total | 100.0 | 100.0 |   0.5 |   5.0 |   7.3 | 342.7
       Dungeon |  63.4 |  63.4 |   0.5 |   5.3 |   8.3 | 388.2
        Temple |   0.1 |   0.1 |   8.3 |   0.0 |  63.6 |  11.0
          Lair |  27.3 |  27.2 |   0.6 |   4.5 |   6.3 | 389.0
        Shoals |   4.7 |   4.7 |   0.2 |   6.9 |   4.0 | 201.5
         Trove |   2.2 |   2.2 |   0.0 |   0.0 |   0.5 | 188.0
       Ossuary |   2.3 |   2.3 |   0.0 |   2.0 |   0.0 | 196.0
               +-------+-------+-------+-------+-------+----------------------

Table legend:
 A = Kills in this place as a percentage of kills in entire the game.
 B = Kills by you in this place as a percentage of kills by you in the entire game.
 C = Kills by friends in this place as a percentage of kills by friends in the entire game.
 D = Other kills in this place as a percentage of other kills in the entire game.
 E = Experience gained in this place as a percentage of experience gained in the entire game.
 F = Experience gained in this place divided by the number of levels of this place that you have seen.
                   A       B       C       D       E      F
               +-------+-------+-------+-------+-------+----------------------
         Total | 100.0 | 100.0 | 100.0 |  -nan | 100.0 | 5373.1
       Dungeon |  60.0 |  60.1 |   0.0 |  -nan |  49.3 | 4731.1
          Lair |  33.5 |  33.4 | 100.0 |  -nan |  38.4 | 8597.5
        Shoals |   3.3 |   3.4 |   0.0 |  -nan |  12.0 | 8073.5
       Ossuary |   3.1 |   3.1 |   0.0 |  -nan |   0.3 | 360.0
               +-------+-------+-------+-------+-------+----------------------
